 Dungeon Crawl Stone Soup version 0.24.0-123-gd5b16e6ec5 (webtiles) character file.

Game seed: 10660252023326746965, levelgen mode: deterministic

205 Curus the Slasher (level 5, -3/42 HPs)
             Began as a Minotaur Gladiator on Feb 7, 2020.
             Slain by a gnoll
             ... wielding a +0 halberd
              (7 damage)
             ... on level 3 of the Dungeon.
             The game lasted 00:10:06 (2535 turns).

Curus the Slasher (Minotaur Gladiator)              Turns: 2535, Time: 00:10:07

Health: -3/42      AC:  3    Str: 18    XL:     5   Next: 52%
Magic:  4/4        EV: 13    Int:  6    God:
Gold:   205        SH:  0    Dex: 12    Spells: 4/4 levels left

rFire    . . .     SeeInvis .   a - +0 long sword
rCold    + . .     Gourm    .   (no shield)
rNeg     . . .     Faith    .   b - +0 leather armour
rPois    .         Spirit   .   c - +0 hat
rElec    .         Reflect  .   (no cloak)
rCorr    .         Harm     .   (no gloves)
MR       .....     Clarity  +   (no boots)
Stlth    +.........             (no amulet)
HPRegen  0.14/turn              (no ring)
MPRegen  0.09/turn              (no ring)

@: no status effects
A: retaliatory headbutt, horns 2, clarity, cold resistance 1
a: no special abilities


You were on level 3 of the Dungeon.
You were not hungry.

You visited 1 branch of the dungeon, and saw 3 of its levels.

You collected 205 gold pieces.

Inventory:

Hand Weapons
 a - a +0 long sword (weapon)
Missiles
 d - 4 throwing nets (quivered)
Armour
 b - a +0 leather armour (worn)
 c - a +0 hat (worn)
Jewellery
 i - an uncursed ring of fire
Scrolls
 e - 2 scrolls of noise
 h - 4 scrolls of identify
Potions
 g - a potion of might
 k - a potion of brilliance
Comestibles
 f - 3 rations
 j - a chunk of flesh


   Skills:
 - Level 2.4 Fighting
 + Level 7.6 Long Blades
 - Level 2.0 Throwing
 - Level 3.2 Dodging


You had 4 spell levels left.
You didn't know any spells.
Your spell library was empty.

Dungeon Overview and Level Annotations

Branches:
Dungeon (3/15)

Altars:
Fedhas


Innate Abilities, Weirdness & Mutations

You reflexively headbutt those who attack you in melee.
You have a pair of horns on your head.
You possess an exceptional clarity of mind.
Your flesh is cold resistant. (rC+)


Message History

The gnoll is almost dead.
The gnoll barely misses you.
You barely miss the gnoll. You headbutt the gnoll.
You kill the gnoll!
The gnoll misses you.
The gnoll hits you from afar with a +0 halberd.
The gnoll hits you with a +0 halberd.
Things that are here:
a +0 spear; a gnoll corpse You barely miss the gnoll.
You headbutt the gnoll!
The gnoll is severely wounded.
The gnoll hits you from afar with a +0 halberd.
The gnoll hits you with a +0 halberd!
* * * LOW HITPOINT WARNING * * *
You barely miss the gnoll.
The gnoll is severely wounded.
The gnoll hits you from afar with a +0 halberd.
* * * LOW HITPOINT WARNING * * *
The gnoll hits you with a +0 halberd!
You die...

# #.# #.# #.###.#
#.....# #.#.###
PP###PP##.#.#####
♣#P.÷÷PPP#.......#
♣P(....P♣#.#>###.#
♣.......P#...# #)#
♣...§...##.### #@#
P......≈♣#. #g#
#P.....P## #g#
♣PP(()PP♣ ..#
##PP)#P♣♣ ###
####(### .##.(#
....## .####


You could see 2 gnolls.

Vanquished Creatures
  An orc wizard (D:3)
  An orc priest (D:3)
  Terence (D:2)
  2 gnolls (D:3)
  An adder (D:2)
  An ooze (D:3)
  3 dart slugs
  3 worms
  A leopard gecko (D:1)
  9 orcs (D:3)
  A ball python (D:1)
  4 giant cockroaches
  8 goblins
  3 hobgoblins
  A quokka (D:3)
  6 bats
  2 frilled lizards (D:1)
  13 kobolds
  A leopard gecko zombie (D:2)
  4 rats
66 creatures vanquished.

Notes
Turn   | Place    | Note
-------+----------+-------------------------------------------
     0 | D:1      | Curus the Minotaur Gladiator began the quest for the Orb.
     0 | D:1      | Reached XP level 1. HP: 18/18 MP: 0/0
    91 | D:1      | Reached skill level 4 in Long Blades
   347 | D:1      | Reached XP level 2. HP: 18/25 MP: 1/1
   834 | D:2      | Reached skill level 5 in Long Blades
   842 | D:2      | Noticed Terence
   848 | D:2      | Killed Terence
   848 | D:2      | Reached XP level 3. HP: 24/30 MP: 2/2
  1246 | D:2      | Gained mutation: Your flesh is cold resistant. (rC+)
                  | [potion of mutation]
  1246 | D:2      | Gained mutation: You possess an exceptional clarity of
                  | mind. [potion of mutation]
  1428 | D:2      | Reached skill level 6 in Long Blades
  1428 | D:2      | Reached XP level 4. HP: 37/37 MP: 3/3
  1713 | D:2      | Found a blossoming altar of Fedhas.
  2037 | D:3      | Found a faded altar of an unknown god.
  2111 | D:3      | Reached XP level 5. HP: 30/42 MP: 4/4
  2120 | D:3      | Reached skill level 7 in Long Blades
  2535 | D:3      | Slain by a gnoll

Levels and vault maps discovered:
D:1:      lightli_arrival_quake, layout_basic, minmay_pentomino_s2
D:2:      layout_basic, marbit_many_paths, uniq_terence
D:3:      layout_loops_corners, lemuel_crystal_altar, tgw_xom,
          chequers_ecumenical_altar_simple_redux, minmay_misc_feat_pillars,
          lexackson_kobold_supper, uniq_crazy_yiuf_cottage

Skill      XL: |  1  2  3  4  5 |
---------------+----------------+-----
Long Blades    | 4 5 6 7 |  7.6
Fighting       | |  2.4
Throwing       | |  2.0
Dodging        | |  3.2

Action                   |  1- 3 |  4- 6 || total
-------------------------+-------+-------++-------
Melee: Long sword        |    51 |    72 ||   123
       Headbutt          |    12 |    12 ||    24
  Use: Potion            |     5 |     1 ||     6
       Scroll            |     4 |     1 ||     5
 Stab: Sleeping          |       |     1 ||     1
  Eat: Chunk             |     2 |     3 ||     5
Armor: Leather armour    |     4 |     9 ||    13
Dodge: Dodged            |    31 |    47 ||    78
       Rpst.: Long sword |     7 |    11 ||    18
